 Dungeon Crawl Stone Soup version 0.32-a0-871-ge202e49faa (webtiles) character file.

Game seed: 10178248330844226537

1061 timneilson the Cutter (level 8, -3/46 HPs)
             Began as a Kobold Enchanter on Mar 29, 2024.
             Slain by a black bear (5 damage)
             ... on level 6 of the Dungeon.
             The game lasted 00:16:11 (4667 turns).

timneilson the Cutter (Kobold Enchanter)            Turns: 4667, Time: 00:16:12

Health: -3/46      AC:  5    Str:  6    XL:     8   Next: 52%
Magic:  11/11      EV: 15    Int: 16    God:
Gold:   160        SH:  0    Dex: 17    Spells: 11/11 levels left

rFire   . . .        a - +2 dagger
rCold   + . .        (no shield)
rNeg    . . .        g - +0 leather armour of Pandemonium {rC+}
rPois   .            (no helmet)
rElec   .            j - +0 cloak
rCorr   +            (no gloves)
SInv    .            k - +0 pair of boots
Will    .....        (no amulet)
Stlth   ++++         o - ring of resist corrosion
HPRegen 0.27/turn    (no ring)
MPRegen 0.12/turn

%: no passive effects
@: no status effects
A: small, no large weapons, nightstalker 3
a: no special abilities


You were on level 6 of the Dungeon.
You visited 1 branch of the dungeon, and saw 6 of its levels.

You collected 160 gold pieces.

Inventory:

Hand Weapons
 a - a +2 dagger (weapon)
Missiles
 e - 7 poisoned darts (quivered)
Armour
 g - the +0 leather armour of Pandemonium (worn) {rC+}
   (You found it on level 5 of the Dungeon)

   rC+:       It protects you from cold.
 j - a +0 cloak (worn)
 k - a +0 pair of boots (worn)
Jewellery
 f - a ring of wizardry
 o - a ring of resist corrosion (left hand)
Wands
 i - a wand of charming (8)
 m - a wand of digging (5)
 s - a wand of roots (1)
Scrolls
 d - 3 scrolls of identify
 n - 3 scrolls of enchant armour
 p - a scroll of poison
 r - a scroll of teleportation
Potions
 c - 2 potions of haste
 h - a potion of curing
 l - 3 potions of mutation


   Skills:
 + Level 3.3 Fighting
 * Level 6.2 Short Blades
 + Level 2.4 Armour
 * Level 6.0 Dodging
 + Level 6.2 Stealth
 - Level 2.1 Spellcasting
 - Level 3.0 Hexes
 + Level 3.5 Evocations


You had 11 spell levels left.
You didn't know any spells.
Your spell library contained the following spells:

 Spells                   Type           Power      Damage    Failure   Level
 Ensorcelled Hibernation  Hex/Ice        12%        N/A       26%         2
 Confusing Touch          Hex            11%        N/A       26%         3
 Tukima's Dance           Hex            11%        N/A       26%         3
 Shock                    Conj/Air       4%         1d3       30%         1
 Dazzling Flash           Conj/Hex       12%        N/A       45%         3
 Frozen Ramparts          Ice            2%         1d1       67%         3
 Ozocubu's Armour         Ice            1%         N/A       67%         3
 Swiftness                Air            1%         N/A       67%         3
 Airstrike                Air            0%         2d(1-17)  97%         4
 Metabolic Englaciation   Hex/Ice        3%         N/A       99%         5


Dungeon Overview and Level Annotations

Branches:
Dungeon (6/15)
 Temple: D:4-7

Altars:
Elyvilon
Kikubaaqudgha
Vehumet
Zin
The Shining One


Innate Abilities, Weirdness & Mutations

You are small and have problems with some larger weapons.
You are completely attuned to the shadows.


Message History

The black bear claws you but does no damage.
You barely miss the black bear.
The black bear is severely wounded.
The black bear barely misses you. The black bear claws you.
The black bear closely misses you.
You hit the black bear but do no damage.
The black bear is severely wounded.
The black bear bites you! The black bear misses you.
The black bear claws you but does no damage.
You hit the black bear.
The black bear is severely wounded.
The black bear closely misses you. The black bear claws you.
The black bear barely misses you.
You barely miss the black bear.
The black bear is severely wounded.
The black bear bites you!
* * * LOW HITPOINT WARNING * * *
The black bear closely misses you.
The black bear claws you but does no damage.
You closely miss the black bear.
The black bear is severely wounded.
The black bear bites you.
* * * LOW HITPOINT WARNING * * *
The black bear barely misses you. The black bear claws you.
* * * LOW HITPOINT WARNING * * *
You hit the black bear.
The black bear is severely wounded.
The black bear bites you but does no damage.
The black bear claws you but does no damage.
The black bear closely misses you.
Unknown command.
You hit the black bear.
The black bear is almost dead.
The black bear bites you but does no damage.
The black bear completely misses you.
The black bear claws you but does no damage.
You hit the black bear but do no damage.
The black bear is almost dead.
The black bear bites you.
You die...

.. ###...
#.....
#####.....
#..@h.$..#
#.###..##
####.###..#
#...........
#.##.##..?...
#.##.########
#.##.# #.#
#.##.########
#.#
#.##.....(..#
#.#


You could see a black bear (berserk).

Vanquished Creatures
  Sigmund (D:4)
  Duvessa (D:4)
  An ice beast (D:6)
  An ogre (D:5)
  Blork the orc (D:4)
  A scorpion (D:5)
  Dowan (D:4)
  A bombardier beetle (D:4)
  3 hounds
  A gnoll bouda (D:4)
  Crazy Yiuf (D:2)
  An iguana (D:5)
  3 orc wizards (D:5)
  4 gnolls (D:4)
  4 adders
  2 dart slugs (D:1)
  2 ribbon worms (D:2)
  9 orcs
  5 bats
  3 endoplasms
  3 giant cockroaches
  6 goblins
  6 hobgoblins
  10 jackals
  4 quokkas
  11 ball pythons
  9 kobolds
  6 rats
101 creatures vanquished.

Notes
Turn   | Place    | Note
-------+----------+-------------------------------------------
     0 | D:1      | timneilson the Kobold Enchanter began the quest for the
                  | Orb.
     0 | D:1      | Reached XP level 1. HP: 10/10 MP: 3/3
   138 | D:1      | Reached XP level 2. HP: 15/15 MP: 5/5
   345 | D:1      | Reached XP level 3. HP: 20/20 MP: 6/6
   702 | D:2      | Reached skill level 1 in Fighting
  1043 | D:2      | Found a runed translucent door.
  1046 | D:2      | Noticed Crazy Yiuf
  1051 | D:2      | Killed Crazy Yiuf
  1052 | D:2      | Reached XP level 4. HP: 25/25 MP: 7/7
  1363 | D:2      | Identified the +2 ring mail "Iczuech" {-Cast rPois rF++
                  | Dex+3}
  1492 | D:2      | Reached skill level 1 in Evocations
  1667 | D:3      | Found a faded altar of an unknown god.
  1668 | D:3      | Found a radiant altar of Vehumet.
  1868 | D:3      | Found an ancient bone altar of Kikubaaqudgha.
  2154 | D:3      | Found a glowing silver altar of Zin.
  2319 | D:4      | Reached skill level 1 in Armour
  2319 | D:4      | Reached XP level 5. HP: 29/29 MP: 8/8
  2389 | D:4      | Found a glowing golden altar of the Shining One.
  2497 | D:4      | Noticed Sigmund
  2505 | D:4      | Killed Sigmund
  2506 | D:4      | Reached skill level 5 in Stealth
  2506 | D:4      | Reached XP level 6. HP: 35/35 MP: 9/9
  2709 | D:4      | Reached XP level 7. HP: 40/40 MP: 10/10
  2723 | D:4      | Noticed Duvessa
  2726 | D:4      | Noticed Dowan
  2735 | D:4      | Killed Duvessa
  2740 | D:4      | Killed Dowan
  2741 | D:4      | Reached skill level 5 in Short Blades
  2775 | D:4      | Noticed Blork the orc
  2800 | D:4      | Killed Blork the orc
  2801 | D:4      | Reached skill level 5 in Dodging
  3386 | D:5      | Entered Level 5 of the Dungeon
  3389 | D:5      | Reached XP level 8. HP: 45/45 MP: 11/11
  3662 | D:5      | Identified the +0 leather armour of Pandemonium {rC+}
  3871 | D:5      | Found a white marble altar of Elyvilon.
  4664 | D:6      | HP: 1/46 [black bear (6)]
  4667 | D:6      | Slain by a black bear

Illustrated notes

Levels and vault maps discovered:
D:1:      dpeg_arrival_long_road, layout_rooms
D:2:      layout_basic, minmay_misc_feat_chi, minmay_split_cup_small,
          uniq_crazy_yiuf_cottage
D:3:      layout_loops_ring, nicolae_kikubaaqudgha_miasma_corner,
          general_overflow_altar, nicolae_overflow_ecumenical_swirl
D:4:      layout_loops_cross, lemuel_crystal_altar, uniq_sigmund, uniq_duvessa,
          uniq_blork_the_orc
D:5:      layout_cave_pods, overflow_temple_1_default, minivault_25
D:6:      layout_loops_cross, nicolae_qazlal_general_emergency,
          minmay_temple_entry_butterflies

Skill      XL: |  1  2  3  4  5  6  7  8 |
---------------+-------------------------+-----
Short Blades   | 2 3 4 5 6 |  6.2
Dodging        | 3 4 5 6 |  6.0
Fighting       | 1 2 3 |  3.3
Evocations     | 1 2 3 |  3.5
Armour         | 1 2 |  2.4
Stealth        | 5 6 |  6.2
Spellcasting   | |  2.1
Hexes          | |  3.0

Action                     |  1- 3 |  4- 6 |  7- 9 || total
---------------------------+-------+-------+-------++-------
  Melee: Dagger            |   141 |   118 |   226 ||   485
  Throw: Dart              |       |       |     8 ||     8
    Use: Scroll            |     6 |     2 |     6 ||    14
         Potion            |       |     1 |     6 ||     7
   Stab: Sleeping          |    12 |    13 |     9 ||    34
         Invisible         |       |     2 |     2 ||     4
 Armour: Robe              |    49 |    36 |    75 ||   160
         Leather armour    |       |       |    21 ||    21
  Dodge: Dodged            |    98 |    75 |   174 ||   347

Table legend: (Time is in decaauts)
 A = Elapsed time spent in this place.
 B = Non-inter-level travel time spent in this place.
 C = Inter-level travel time spent in this place.
 D = Time resting spent in this place.
 E = Time spent auto-exploring this place.
 F = Levels seen in this place.
 G = Mean time per level.
                   A        B        C        D        E       F      G
               +--------+--------+--------+--------+--------+-----+--------+
         Total |   4566 |   4435 |    131 |    111 |   2902 |   6 |  761.0 |
       Dungeon |   4566 |   4435 |    131 |    111 |   2902 |   6 |  761.0 |
               +--------+--------+--------+--------+--------+-----+--------+

Top non-repeatable levels by time:
     D:5: 1180 daAuts
     D:4: 1031 daAuts
     D:2: 885 daAuts
     D:3: 733 daAuts
     D:1: 666 daAuts
     D:6: 68 daAuts
